[ AOE2 MATCH · #506743077 ]
UnrankedMagyars vs Koreans
Player's team · WIN
Rival team · LOSS
[ REPLAY ANALYSIS · EXTRACTED FROM THE RECORDED GAME ]
Feudal
9:11
Castle
20:53
Imperial
37:48
| APM avg | 43.9 |
| APM peak | 104 |
| eAPM avg | 18.6 |
| Villagers / military | 114 / 42 |
Focus
⚔️ 12.9% · 🌾 87.1%
Knight ×31 · Scout Cavalry ×8 · Trebuchet (Packed) ×3
Feudal
10:35
Castle
24:28
Imperial
—
| APM avg | 21.6 |
| APM peak | 83 |
| eAPM avg | 12.7 |
| Villagers / military | 70 / 37 |
Focus
⚔️ 34.9% · 🌾 65.1%
Spearman ×24 · Battering Ram ×4 · Monk ×3 · Archer ×3 · Iron Pagoda ×2 · War Wagon ×1
Match map
Initial resources + every placement click. Lines = walls · curves = elevation contours. ◆ gold · ⬟ stone · ● berries · ✦ relic · ◌ wall gap
Your base· Open — unwalled flank
SpankyDaPossum's base· Open — unwalled flank
Smoothed initial terrain · ◌ = detected wall gap · hover for details
Inputs per minute
— iorek - - SpankyDaPossum
Build order — iorek
First 150 of 268 actions detected
| 0:00 | Queue | Villager (Male) |
| 0:00 | Queue | Villager (Male) |
| 0:01 | Queue | Villager (Male) |
| 0:02 | Build | House |
| 0:04 | Build | House |
| 0:04 | Queue | Villager (Male) |
| 1:26 | Queue | Villager (Male) |
| 1:47 | Build | Lumber Camp |
| 2:03 | Queue | Villager (Male) |
| 2:03 | Queue | Villager (Male) |
| 2:25 | Queue | Villager (Male) |
| 2:25 | Queue | Villager (Male) |
| 2:36 | Build | House |
| 2:49 | Queue | Villager (Male) |
| 2:49 | Queue | Villager (Male) |
| 3:15 | Queue | Villager (Male) |
| 3:37 | Queue | Villager (Male) |
| 4:16 | Queue | Villager (Male) |
| 4:47 | Queue | Villager (Male) |
| 5:16 | Queue | Villager (Male) |
| 5:16 | Queue | Villager (Male) |
| 5:17 | Queue | Villager (Male) |
| 5:43 | Queue | Villager (Male) |
| 5:43 | Queue | Villager (Male) |
| 5:43 | Queue | Villager (Male) |
| 5:59 | Build | Mill |
| 6:04 | Build | Mill |
| 6:08 | Queue | Villager (Male) |
| 6:08 | Queue | Villager (Male) |
| 7:01 | Research | Feudal Age |
| 7:02 | Research | Loom |
| 7:13 | Build | House |
| 7:20 | Build | Barracks |
| 9:11 | Age | Feudal Age |
| 9:25 | Queue | Villager (Male) |
| 9:25 | Queue | Villager (Male) |
| 9:31 | Build | Stable |
| 9:41 | Build | House |
| 9:55 | Queue | Villager (Male) |
| 9:56 | Queue | Villager (Male) |
| 9:59 | Queue | Scout Cavalry |
| 10:00 | Queue | Scout Cavalry |
| 10:00 | Queue | Scout Cavalry |
| 10:00 | Queue | Scout Cavalry |
| 10:40 | Queue | Villager (Male) |
| 11:01 | Queue | Scout Cavalry |
| 11:36 | Queue | Villager (Male) |
| 11:41 | Build | House |
| 11:50 | Queue | Villager (Male) |
| 11:56 | Build | Mining Camp |
| 12:09 | Queue | Villager (Male) |
| 12:15 | Research | Double-Bit Axe |
| 12:30 | Queue | Villager (Male) |
| 12:37 | Build | Farm |
| 12:40 | Build | Farm |
| 12:40 | Build | Farm |
| 12:45 | Build | Farm |
| 12:46 | Build | Farm |
| 12:48 | Build | Farm |
| 12:49 | Queue | Villager (Male) |
| 13:11 | Build | Farm |
| 13:12 | Build | Farm |
| 13:12 | Build | Farm |
| 13:24 | Queue | Villager (Male) |
| 13:56 | Queue | Villager (Male) |
| 13:56 | Queue | Villager (Male) |
| 14:20 | Queue | Villager (Male) |
| 14:21 | Queue | Villager (Male) |
| 14:58 | Queue | Villager (Male) |
| 15:04 | Build | House |
| 15:04 | Build | House |
| 15:16 | Queue | Villager (Male) |
| 15:23 | Build | Farm |
| 15:23 | Build | Farm |
| 15:24 | Build | Farm |
| 15:25 | Build | Farm |
| 15:31 | Build | Farm |
| 15:31 | Build | Farm |
| 15:31 | Build | Farm |
| 16:13 | Queue | Villager (Male) |
| 16:15 | Queue | Villager (Male) |
| 16:18 | Build | House |
| 16:19 | Build | House |
| 16:30 | Build | Farm |
| 16:31 | Build | Farm |
| 16:32 | Build | Farm |
| 16:48 | Queue | Villager (Male) |
| 17:22 | Build | Farm |
| 17:22 | Build | Farm |
| 17:35 | Build | Blacksmith |
| 18:13 | Research | Castle Age |
| 18:23 | Build | Watch Tower |
| 18:33 | Build | Mining Camp |
| 18:49 | Research | Scale Barding Armor |
| 19:57 | Build | Stable |
| 20:06 | Research | Bloodlines |
| 20:48 | Build | Watch Tower |
| 20:53 | Age | Castle Age |
| 21:30 | Build | Farm |
| 21:55 | Queue | Villager (Male) |
| 21:55 | Queue | Villager (Male) |
| 21:55 | Queue | Villager (Male) |
| 21:55 | Queue | Villager (Male) |
| 21:56 | Queue | Villager (Male) |
| 22:02 | Research | Chain Barding Armor |
| 22:06 | Queue | Knight |
| 22:06 | Queue | Knight |
| 22:07 | Queue | Knight |
| 22:44 | Queue | Villager (Male) |
| 22:44 | Queue | Villager (Male) |
| 22:51 | Build | Town Center |
| 23:11 | Queue | Knight |
| 23:13 | Research | Husbandry |
| 23:17 | Queue | Villager (Male) |
| 23:18 | Queue | Villager (Male) |
| 23:18 | Queue | Villager (Male) |
| 23:28 | Build | Farm |
| 23:36 | Queue | Villager (Male) |
| 23:36 | Queue | Villager (Male) |
| 23:58 | Research | Fletching |
| 24:03 | Queue | Villager (Male) |
| 24:04 | Queue | Villager (Male) |
| 24:10 | Queue | Villager (Male) |
| 24:10 | Queue | Villager (Male) |
| 24:53 | Queue | Villager (Male) |
| 24:53 | Queue | Villager (Male) |
| 24:53 | Queue | Villager (Male) |
| 24:54 | Queue | Villager (Male) |
| 24:54 | Queue | Villager (Male) |
| 24:55 | Queue | Villager (Male) |
| 25:20 | Queue | Villager (Male) |
| 25:20 | Queue | Villager (Male) |
| 25:20 | Queue | Villager (Male) |
| 25:27 | Queue | Knight |
| 25:50 | Queue | Villager (Male) |
| 25:50 | Queue | Villager (Male) |
| 25:50 | Queue | Villager (Male) |
| 25:56 | Build | Farm |
| 25:57 | Build | Farm |
| 25:57 | Build | Farm |
| 25:57 | Build | Farm |
| 25:58 | Build | Farm |
| 25:59 | Build | Farm |
| 25:59 | Build | Farm |
| 26:00 | Queue | Villager (Male) |
| 26:10 | Build | Mill |
| 26:12 | Build | Farm |
| 26:12 | Build | Farm |
| 26:12 | Build | Farm |
| 26:13 | Build | Farm |
Build order — SpankyDaPossum
First 150 of 214 actions detected
| 0:01 | Queue | Villager (Male) |
| 0:01 | Queue | Villager (Male) |
| 0:02 | Queue | Villager (Male) |
| 0:03 | Build | House |
| 0:04 | Build | House |
| 0:49 | Queue | Villager (Male) |
| 1:31 | Queue | Villager (Male) |
| 1:53 | Build | Lumber Camp |
| 1:59 | Queue | Villager (Male) |
| 2:49 | Queue | Villager (Male) |
| 2:50 | Queue | Villager (Male) |
| 3:27 | Queue | Villager (Male) |
| 3:57 | Build | House |
| 3:59 | Build | House |
| 4:02 | Queue | Villager (Male) |
| 4:23 | Build | Mill |
| 4:26 | Queue | Villager (Male) |
| 4:51 | Queue | Villager (Male) |
| 5:20 | Queue | Villager (Male) |
| 5:49 | Queue | Villager (Male) |
| 5:49 | Queue | Villager (Male) |
| 6:38 | Queue | Villager (Male) |
| 6:51 | Queue | Villager (Male) |
| 6:58 | Queue | Villager (Male) |
| 7:55 | Queue | Villager (Male) |
| 8:00 | Research | Loom |
| 8:10 | Research | Feudal Age |
| 8:21 | Build | Mining Camp |
| 9:30 | Build | Barracks |
| 9:34 | Build | House |
| 9:39 | Build | Palisade Wall |
| 10:04 | Build | House |
| 10:22 | Build | Palisade Wall |
| 10:35 | Age | Feudal Age |
| 10:36 | Build | Palisade Wall |
| 10:39 | Queue | Spearman |
| 10:41 | Queue | Villager (Male) |
| 10:42 | Queue | Villager (Male) |
| 10:43 | Research | Double-Bit Axe |
| 11:06 | Build | Archery Range |
| 11:31 | Queue | Spearman |
| 11:55 | Queue | Villager (Male) |
| 11:55 | Queue | Villager (Male) |
| 12:04 | Queue | Archer |
| 12:17 | Build | Watch Tower |
| 12:19 | Queue | Villager (Male) |
| 12:57 | Queue | Villager (Male) |
| 13:14 | Build | House |
| 13:19 | Queue | Spearman |
| 13:30 | Queue | Spearman |
| 13:42 | Build | House |
| 13:50 | Build | House |
| 13:52 | Build | House |
| 14:02 | Queue | Spearman |
| 14:12 | Queue | Villager (Male) |
| 14:13 | Queue | Villager (Male) |
| 14:17 | Queue | Villager (Male) |
| 14:20 | Build | Farm |
| 14:21 | Build | Farm |
| 14:21 | Build | Farm |
| 14:22 | Build | Farm |
| 14:22 | Build | Farm |
| 14:23 | Build | Farm |
| 14:24 | Build | Farm |
| 14:25 | Build | Farm |
| 14:30 | Build | Palisade Wall |
| 15:15 | Queue | Villager (Male) |
| 15:20 | Build | Palisade Wall |
| 15:24 | Build | Palisade Wall |
| 15:57 | Queue | Villager (Male) |
| 15:57 | Queue | Villager (Male) |
| 16:21 | Build | Watch Tower |
| 16:27 | Build | House |
| 16:32 | Build | Palisade Wall |
| 16:41 | Build | House |
| 16:43 | Build | House |
| 16:48 | Build | Palisade Wall |
| 16:51 | Queue | Villager (Male) |
| 16:51 | Queue | Villager (Male) |
| 17:01 | Build | Mining Camp |
| 17:03 | Build | Farm |
| 17:05 | Build | Farm |
| 17:07 | Build | Farm |
| 17:09 | Build | Farm |
| 17:10 | Build | Farm |
| 17:12 | Build | Farm |
| 17:18 | Build | Market |
| 17:46 | Build | Watch Tower |
| 17:51 | Queue | Villager (Male) |
| 17:52 | Queue | Villager (Male) |
| 18:18 | Queue | Villager (Male) |
| 18:30 | Build | Palisade Wall |
| 18:32 | Build | Palisade Wall |
| 18:34 | Build | Palisade Wall |
| 18:38 | Build | Palisade Wall |
| 18:44 | Queue | Villager (Male) |
| 19:05 | Build | Farm |
| 19:16 | Queue | Villager (Male) |
| 19:29 | Build | Farm |
| 19:30 | Build | Farm |
| 19:35 | Build | Farm |
| 20:04 | Build | Watch Tower |
| 20:12 | Queue | Villager (Male) |
| 20:31 | Build | Blacksmith |
| 20:41 | Build | Palisade Wall |
| 20:46 | Queue | Villager (Male) |
| 20:48 | Build | Farm |
| 21:48 | Research | Castle Age |
| 22:33 | Build | Watch Tower |
| 22:45 | Research | Horse Collar |
| 23:14 | Build | Palisade Wall |
| 23:39 | Build | Archery Range |
| 23:47 | Research | Fletching |
| 24:15 | Queue | Archer |
| 24:19 | Queue | Archer |
| 24:28 | Age | Castle Age |
| 24:36 | Queue | Spearman |
| 24:36 | Queue | Spearman |
| 25:00 | Build | Monastery |
| 25:21 | Build | House |
| 25:23 | Build | House |
| 25:25 | Build | House |
| 25:26 | Queue | Monk |
| 25:26 | Queue | Monk |
| 25:29 | Build | House |
| 25:40 | Queue | Villager (Male) |
| 25:41 | Queue | Villager (Male) |
| 25:41 | Queue | Villager (Male) |
| 26:07 | Queue | Villager (Male) |
| 26:08 | Queue | Villager (Male) |
| 26:24 | Queue | Villager (Male) |
| 26:24 | Queue | Villager (Male) |
| 26:29 | Build | House |
| 27:02 | Build | Castle |
| 27:10 | Queue | Villager (Male) |
| 27:10 | Queue | Villager (Male) |
| 27:32 | Queue | Spearman |
| 27:34 | Queue | Spearman |
| 27:57 | Build | House |
| 27:59 | Build | House |
| 28:00 | Build | House |
| 28:50 | Research | Pikeman (upgrade) |
| 28:54 | Build | House |
| 29:41 | Queue | Spearman |
| 29:41 | Queue | Spearman |
| 29:55 | Queue | Villager (Male) |
| 29:56 | Queue | Villager (Male) |
| 29:56 | Queue | Villager (Male) |
| 30:03 | Build | Palisade Gate |
| 30:08 | Build | Farm |
Match timeline
| 7:20 | iorek · first_building Barracks |
| 9:11 | iorek · age_up feudal |
| 9:30 | SpankyDaPossum · first_building Barracks |
| 9:31 | iorek · first_building Stable |
| 9:39 | SpankyDaPossum · wall_segment Palisade Wall x1 |
| 10:22 | SpankyDaPossum · wall_segment Palisade Wall x15 |
| 10:35 | SpankyDaPossum · age_up feudal |
| 10:36 | SpankyDaPossum · wall_segment Palisade Wall x8 |
| 11:06 | SpankyDaPossum · first_building Archery Range |
| 14:30 | SpankyDaPossum · wall_segment Palisade Wall x1 |
| 15:20 | SpankyDaPossum · wall_segment Palisade Wall x1 |
| 15:24 | SpankyDaPossum · wall_segment Palisade Wall x1 |
| 16:32 | SpankyDaPossum · wall_segment Palisade Wall x1 |
| 16:48 | SpankyDaPossum · wall_segment Palisade Wall x1 |
| 18:30 | SpankyDaPossum · wall_segment Palisade Wall x1 |
| 18:32 | SpankyDaPossum · wall_segment Palisade Wall x1 |
| 18:34 | SpankyDaPossum · wall_segment Palisade Wall x1 |
| 18:38 | SpankyDaPossum · wall_segment Palisade Wall x1 |
| 19:20 | SpankyDaPossum · first_market_sell 100 wood |
| 20:41 | SpankyDaPossum · wall_segment Palisade Wall x12 |
| 20:53 | iorek · age_up castle |
| 21:19 | SpankyDaPossum · first_market_buy 100 food |
| 23:14 | SpankyDaPossum · wall_segment Palisade Wall x14 |
| 24:28 | SpankyDaPossum · age_up castle |
| 25:00 | SpankyDaPossum · first_building Monastery |
| 27:02 | SpankyDaPossum · first_building Castle |
| 30:31 | iorek · first_building Monastery |
| 33:09 | SpankyDaPossum · first_building Siege Workshop |
| 33:16 | iorek · first_market_buy 100 stone |
| 33:24 | iorek · first_building Castle |
| 33:32 | SpankyDaPossum · wall_segment Palisade Wall x1 |
| 33:37 | SpankyDaPossum · wall_segment Palisade Wall x1 |
| 33:56 | SpankyDaPossum · wall_segment Palisade Wall x1 |
| 34:32 | iorek · first_market_sell 500 wood |
| 37:48 | iorek · age_up imperial |
| 39:09 | SpankyDaPossum · resign |
[ AI ANALYSIS · 1 CREDIT ]
What really happened in this match?
Wolo.gg analyzes every decision: build order, eco, micro, common mistakes by bracket. Personalized analysis on WhatsApp or Discord in 30 seconds.
Civ guide
Magyars
Perfil
Jugador #11014229